[Event "Titled Tuesday Blitz May 4 2021"]
[White "Callejas Rojas, Francisco Miguel"]
[Black "Bashirli, Saadat"]
[WhiteFideId "32072503"]
[BlackFideId "13429990"]
[WhiteElo "2293"]
[BlackElo "1153"]
[Result "1-0"]
[Round "06"]
[TimeControl "180+1"]
[Date "2021.05.04"]
[WhiteClock "0:00:35"]
[BlackClock "0:00:19"]

1. d4 d5 2. Nf3 e6 3. g3 Nf6 4. Bg2 c5 5. O-O Nc6 6. c4 cxd4 7. Nxd4 Bc5 8. Nb3 Bb6 9. cxd5 exd5 10. Bg5 Be6 11. Nc3 d4 12. Ne4 O-O 13. Rc1 Rc8 14. Nbc5 Bxc5 15. Rxc5 b6 16. Rc1 Na5 17. b3 Rxc1 18. Qxc1 Qe7 19. Qf4 Rc8 20. Nxf6+ gxf6 21. Bxf6 Qc7 22. Qh6 1-0


[Site "https://www.chess.com"]

[Event "Titled Tuesday Blitz May 4 2021"]
[White "Can, Emre"]
[Black "Zemach, Roee"]
[WhiteFideId "6302181"]
[BlackFideId "2818531"]
[WhiteElo "2503"]
[BlackElo "2131"]
[Result "0-1"]
[Round "06"]
[TimeControl "180+1"]
[Date "2021.05.04"]
[WhiteClock "0:00:06"]
[BlackClock "0:00:08"]

1. e4 e5 2. Nf3 Nc6 3. Bb5 a6 4. Ba4 Nf6 5. O-O Be7 6. Bxc6 dxc6 7. d3 Bd6 8. Nbd2 O-O 9. Nc4 Nd7 10. h3 Re8 11. Nh2 Nc5 12. f4 exf4 13. Nxd6 cxd6 14. Bxf4 d5 15. exd5 Qxd5 16. Nf3 Be6 17. Qd2 Rad8 18. Qf2 Bf5 19. a4 Ne6 20. Bd2 Bg6 21. a5 Nd4 22. Nxd4 Qxd4 23. Bc3 Qxf2+ 24. Kxf2 Re6 25. Rfe1 Rde8 26. Rxe6 Rxe6 27. Ra4 f6 28. Rd4 Kf7 29. Bb4 Ke8 30. Bc5 Re5 31. b4 Rd5 32. Rh4 Kf7 33. Ke3 Rg5 34. Rd4 Rd5 35. Rf4 Ke6 36. g4 h5 37. Kd2 hxg4 38. hxg4 Rd7 39. Rf1 Kf7 40. Re1 f5 41. g5 Bh5 42. Ke3 Bg4 43. Kf4 Bh3 44. Rh1 Bg4 45. Rh8 Kg6 46. Rf8 Bd1 47. c3 Rxd3 48. Bd4 Rf3+ 49. Ke5 Rf1 50. Rg8 f4 51. Ke4 Bc2+ 52. Ke5 Kxg5 53. Rxg7+ Kh4 54. Rxb7 f3 55. Kf4 f2 56. Rb8 Kh3 57. Rh8+ Kg2 58. Rg8+ Kh3 59. c4 Rg1 60. Rh8+ Kg2 61. Bxf2 Kxf2 62. Rh2+ Rg2 63. Rxg2+ Kxg2 64. Ke5 Bd3 65. Kd4 Be2 66. Kc5 Kf3 67. b5 cxb5 0-1


[Site "https://www.chess.com"]

[Event "Titled Tuesday Blitz May 4 2021"]
[White "Carrasco Miranda, Andres"]
[Black "Rodriguez, Santiago"]
[WhiteFideId "3405990"]
[BlackFideId "3000591"]
[WhiteElo "2177"]
[BlackElo "2256"]
[Result "0-1"]
[Round "06"]
[TimeControl "180+1"]
[Date "2021.05.04"]
[WhiteClock "0:00:01"]
[BlackClock "0:00:36"]

1. d4 Nf6 2. c4 e6 3. g3 d5 4. Nf3 Be7 5. Bg2 O-O 6. O-O dxc4 7. Qc2 b6 8. Nbd2 Bb7 9. Nxc4 c5 10. Rd1 Nbd7 11. dxc5 Bxc5 12. Be3 Rc8 13. Qd2 Nd5 14. Bxc5 Nxc5 15. Nce5 Qe7 16. Rac1 Rfd8 17. Qe1 h6 18. Nd3 Nxd3 19. Rxd3 Rxc1 20. Qxc1 Rc8 21. Qd1 Nb4 22. Rd7 Rc1 23. Qxc1 Qxd7 24. Ne5 Qe7 25. a3 Nd5 26. e4 Nf6 27. Nc6 Bxc6 28. Qxc6 g6 29. e5 Ng4 30. Qc8+ Kg7 31. Qc3 h5 32. h3 Nh6 33. Be4 Qg5 34. Kg2 h4 35. Qc7 hxg3 36. fxg3 Qe3 37. Bf3 Qd2+ 38. Kg1 Nf5 0-1


[Site "https://www.chess.com"]

[Event "Titled Tuesday Blitz May 4 2021"]
[White "Ceres, Dragos"]
[Black "Mickiewicz, Piotr"]
[WhiteFideId "13905864"]
[BlackFideId "1114891"]
[WhiteElo "2118"]
[BlackElo "2263"]
[Result "0-1"]
[Round "06"]
[TimeControl "180+1"]
[Date "2021.05.04"]
[WhiteClock "0:00:08"]
[BlackClock "0:00:06"]

1. e3 d5 2. Nf3 Nf6 3. d4 c5 4. Bd3 Nc6 5. b3 cxd4 6. exd4 Bg4 7. Bb2 e6 8. a3 Bd6 9. Nbd2 O-O 10. O-O Rc8 11. Qe1 Bh5 12. Ne5 Bxe5 13. dxe5 Nd7 14. f4 Nc5 15. f5 Nxd3 16. cxd3 exf5 17. Rxf5 Bg6 18. Rf3 Re8 19. Rg3 Qb6+ 20. Kh1 d4 21. Nf3 Qxb3 22. Bxd4 Qd5 23. Bb2 Qxd3 24. h4 Qc2 25. Bc1 Rcd8 26. Bg5 Rd3 27. Rc1 Qb3 28. Nd2 Qxa3 29. Nc4 Rxg3 30. Nxa3 Rxa3 31. Qd1 Rd3 32. Qe2 Rd5 33. h5 Rexe5 34. Qb2 Rxg5 35. hxg6 hxg6 36. Qxb7 Nd4 37. Qc8+ Kh7 38. Qc4 Nf5 39. Kg1 Ne3 40. Qe4 Rxg2+ 41. Qxg2 Nxg2 42. Kxg2 Ra5 43. Rc7 f6 44. Rc6 g5 45. Rc2 Kg6 46. Rd2 Ra3 47. Ra2 Rxa2+ 0-1


[Site "https://www.chess.com"]

[Event "Titled Tuesday Blitz May 4 2021"]
[White "Chandratreya, Prachiti"]
[Black "Markidis, Konstantinos"]
[WhiteFideId "46611215"]
[BlackFideId "4203500"]
[WhiteElo "1737"]
[BlackElo "2304"]
[Result "0-1"]
[Round "06"]
[TimeControl "180+1"]
[Date "2021.05.04"]
[WhiteClock "0:01:15"]
[BlackClock "0:01:29"]

1. e4 e6 2. Nf3 d5 3. Nc3 Nf6 4. e5 Nfd7 5. d4 c5 6. Ne2 Nc6 7. c3 Qa5 8. Bf4 cxd4 9. Nexd4 Qb6 10. Qe2 Nc5 11. g3 Bd7 12. Bg2 Qxb2 13. Qxb2 Nd3+ 14. Ke2 Nxb2 15. Rab1 Na4 16. Rxb7 Nxc3+ 17. Kd3 Na4 18. Ke3 Bc5 19. Rc1 Nxd4 20. Nxd4 Bb6 21. Bf1 Nc5 22. Rxd7 Kxd7 23. Bb5+ Kd8 24. Nc6+ Kc7 25. Ke2 a6 0-1


[Site "https://www.chess.com"]

[Event "Titled Tuesday Blitz May 4 2021"]
[White "Chernomordik, Pavel"]
[Black "Juhasz, Agoston"]
[WhiteFideId "2804530"]
[BlackFideId "778346"]
[WhiteElo "2299"]
[BlackElo "2211"]
[Result "1/2-1/2"]
[Round "06"]
[TimeControl "180+1"]
[Date "2021.05.04"]
[WhiteClock "0:00:48"]
[BlackClock "0:00:13"]

1. e4 e5 2. Nf3 Nf6 3. Nc3 Nc6 4. d4 exd4 5. Nxd4 Bb4 6. Nxc6 bxc6 7. Bd3 O-O 8. O-O d5 9. exd5 Bg4 10. f3 Bh5 11. Bg5 cxd5 12. Kh1 c6 13. Ne2 Bd6 14. Nf4 Bxf4 15. Bxf4 Bg6 16. Re1 Re8 17. Qd2 Qd7 18. Be5 Ne4 19. Bxe4 Rxe5 20. Bxg6 Rxe1+ 21. Rxe1 hxg6 22. Qe3 Rd8 23. c3 Kf8 24. Kg1 Re8 25. Qc5+ Kg8 26. Kf2 Rxe1 27. Kxe1 Qf5 28. Qxc6 Qb1+ 29. Kf2 Qxb2+ 30. Kg3 Qxa2 31. Qe8+ Kh7 32. Qxf7 Qd2 33. Qxa7 Qg5+ 34. Kf2 Qd2+ 35. Kf1 Qd3+ 36. Kf2 Qd2+ 37. Kg3 Qg5+ 38. Kh3 Qh5+ 39. Kg3 Qg5+ 1/2-1/2


[Site "https://www.chess.com"]

[Event "Titled Tuesday Blitz May 4 2021"]
[White "Chirila, Ioan-Cristian"]
[Black "Escobar Forero, Alder"]
[WhiteFideId "1211668"]
[BlackFideId "4400801"]
[WhiteElo "2445"]
[BlackElo "2513"]
[Result "0-1"]
[Round "06"]
[TimeControl "180+1"]
[Date "2021.05.04"]
[WhiteClock "0:00:02"]
[BlackClock "0:00:25"]

1. d4 Nf6 2. c4 d6 3. Nf3 Nbd7 4. Nc3 e5 5. g3 Be7 6. Bg2 O-O 7. O-O c6 8. Qc2 Qc7 9. e4 a6 10. a4 a5 11. b3 exd4 12. Nxd4 Nc5 13. Bf4 Re8 14. Rfe1 Bf8 15. Rad1 Qb6 16. h3 h6 17. g4 Be6 18. Be3 Rad8 19. f4 Bc8 20. Bf2 g6 21. e5 dxe5 22. fxe5 Nh7 23. e6 Bxe6 24. Nxe6 Rxd1 25. Nxd1 Rxe6 26. Rxe6 fxe6 27. Qxg6+ Bg7 28. Nc3 Nf8 29. Qe8 Bxc3 0-1


[Site "https://www.chess.com"]

[Event "Titled Tuesday Blitz May 4 2021"]
[White "Christensen, Thomas"]
[Black "AwareIdea"]
[WhiteFideId "1403532"]
[WhiteElo "2309"]
[BlackElo "2521"]
[Result "1-0"]
[Round "06"]
[TimeControl "180+1"]
[Date "2021.05.04"]
[WhiteClock "0:00:07"]
[BlackClock "0:00:02"]

1. d4 Nf6 2. Nc3 g6 3. e4 d5 4. e5 Ng8 5. Nce2 c5 6. c3 Nc6 7. f4 h5 8. Nf3 Nh6 9. Be3 Nf5 10. Bf2 cxd4 11. Nexd4 e6 12. Qd2 Nfxd4 13. Nxd4 Bh6 14. Bd3 Nxe5 15. Qe2 Nxd3+ 16. Qxd3 Bxf4 17. O-O O-O 18. Ne2 Bh6 19. Bd4 b6 20. Bf6 Qc7 21. Ng3 a5 22. Rf3 Ba6 23. Qc2 e5 24. Nxh5 e4 25. Rg3 Bd3 26. Qd1 Rfe8 27. Bd4 Re6 28. Nf6+ Rxf6 29. Bxf6 Re8 30. Qh5 Kh7 31. Qg4 e3 32. Rh3 Qc4 33. Rxh6+ Kxh6 34. Qh3+ 1-0


[Site "https://www.chess.com"]

[Event "Titled Tuesday Blitz May 4 2021"]
[White "Costachi, Mihnea"]
[Black "Krysa, Leandro"]
[WhiteFideId "1217518"]
[BlackFideId "116807"]
[WhiteElo "2479"]
[BlackElo "2490"]
[Result "1/2-1/2"]
[Round "06"]
[TimeControl "180+1"]
[Date "2021.05.04"]
[WhiteClock "0:00:37"]
[BlackClock "0:00:07"]

1. d4 Nf6 2. c4 e6 3. Nf3 b6 4. g3 Bb7 5. Bg2 Bb4+ 6. Bd2 c5 7. Bxb4 cxb4 8. O-O O-O 9. a3 bxa3 10. Nxa3 a5 11. Nb5 d6 12. Re1 Na6 13. Rc1 Nb4 14. Qd2 Rc8 15. Qf4 Ne8 16. Red1 Na2 17. Ra1 Nb4 18. b3 Qe7 19. e4 Rd8 20. d5 e5 21. Qd2 Nc7 22. Nxc7 Qxc7 23. Ne1 Bc8 24. Nd3 Nxd3 25. Qxd3 f5 26. exf5 Bxf5 27. Be4 Bxe4 28. Qxe4 Qc5 29. Rf1 Rf6 30. Qe3 Qc7 31. f4 Re8 32. fxe5 Rxe5 33. Qd4 Rxf1+ 34. Rxf1 h6 35. Rf2 Qc5 36. Qxc5 bxc5 37. Rf3 Re2 38. g4 Kh7 39. h3 Kg6 40. Kf1 Ra2 41. Re3 a4 42. bxa4 Rxa4 43. Re6+ Kg5 44. Rxd6 Rxc4 45. Rc6 Kh4 46. Rg6 Rd4 47. Rxg7 Rxd5 48. Rg6 h5 49. Kg2 hxg4 50. hxg4 c4 51. Kf3 Rd8 52. Rh6+ Kg5 53. Rh5+ Kg6 54. Rc5 Kg7 55. Rxc4 Kg8 56. Rc7 Rf8+ 57. Kg3 Rd8 58. Kh4 Re8 59. Kh5 Rd8 60. g5 Ra8 61. Kh6 Rb8 62. Rg7+ Kh8 63. Rh7+ Kg8 64. Rd7 Ra8 65. Kg6 Rb8 66. Re7 Ra8 67. Re6 Rb8 68. Kf6 Rf8+ 69. Kg6 Ra8 70. Rb6 Rc8 71. Kh6 Rd8 72. Rg6+ Kh8 73. Rg7 Rc8 74. Rh7+ Kg8 75. Rb7 Rd8 76. g6 Rc8 77. Ra7 Rb8 78. Rg7+ Kh8 79. Rh7+ Kg8 80. Rd7 Ra8 81. Rc7 Rb8 82. Rc6 Ra8 83. Rd6 Rb8 84. Kg5 Ra8 85. Kh6 Rb8 86. g7 Ra8 87. Rb6 Rc8 88. Rf6 Ra8 89. Re6 Rb8 90. Rd6 Ra8 91. Rb6 Rc8 92. Rf6 Rb8 93. Rg6 Ra8 94. Rg4 Rb8 95. Rg5 Rb6+ 96. Kh5 Rc6 97. Rg4 Rb6 98. Kh4 Rc6 99. Rg5 Rc7 100. Kg4 Rxg7 101. Rxg7+ Kxg7 1/2-1/2


[Site "https://www.chess.com"]

[Event "Titled Tuesday Blitz May 4 2021"]
[White "Crevatin, Leo"]
[Black "Shvedova, Alexandra"]
[WhiteFideId "1726307"]
[BlackFideId "54154782"]
[WhiteElo "2081"]
[BlackElo "1887"]
[Result "1-0"]
[Round "06"]
[TimeControl "180+1"]
[Date "2021.05.04"]
[WhiteClock "0:00:18"]
[BlackClock "0:00:43"]

1. d4 d5 2. c4 e6 3. Nc3 Be7 4. Nf3 Nf6 5. Bf4 O-O 6. e3 c5 7. dxc5 Bxc5 8. Qc2 Nc6 9. O-O-O Qa5 10. a3 dxc4 11. Bxc4 a6 12. g4 e5 13. Nxe5 Nxe5 14. Bxe5 Bxe3+ 15. fxe3 Qxe5 16. h3 Qxe3+ 17. Kb1 b5 18. Bd3 Bb7 19. Rde1 Qd4 20. Rhf1 Rad8 21. Rd1 Qc5 22. Rf5 Nd5 23. Nxd5 Qxc2+ 24. Bxc2 Bxd5 25. Rfxd5 Rde8 26. R1d2 Re3 27. R5d3 Re1+ 28. Ka2 g6 29. Bb3 Kg7 30. Rd8 Re3 31. Rxf8 Kxf8 32. Rf2 Rxh3 33. Rxf7+ Ke8 34. Ra7 h5 35. gxh5 gxh5 36. Rxa6 h4 37. Rb6 Rh1 38. Rxb5 h3 39. Rh5 Ke7 40. a4 h2 41. a5 Kd6 42. Rh6+ Kc7 43. a6 Kb8 44. Rh7 Ka8 45. Bd5+ Kb8 46. Bxh1 Kc8 47. a7 1-0


[Site "https://www.chess.com"]

[Event "Titled Tuesday Blitz May 4 2021"]
[White "Cuevas, Alex"]
[Black "Valdes Romero, Leonardo"]
[WhiteFideId "114260"]
[BlackFideId "6500331"]
[WhiteElo "2289"]
[BlackElo "2497"]
[Result "0-1"]
[Round "06"]
[TimeControl "180+1"]
[Date "2021.05.04"]
[WhiteClock "0:00:21"]
[BlackClock "0:00:49"]

1. c4 e6 2. Nf3 d5 3. d4 Nf6 4. e3 a6 5. Nbd2 Nbd7 6. Bd3 b6 7. e4 dxe4 8. Nxe4 Bb7 9. Qe2 Bb4+ 10. Bd2 Bxd2+ 11. Nfxd2 O-O 12. O-O c5 13. dxc5 Nxc5 14. Nxc5 bxc5 15. Rad1 Qa5 16. a3 Rab8 17. Nb1 Qc7 18. Rfe1 Qc6 19. f3 Rfd8 20. Nc3 Qc7 21. Bb1 Rd4 22. Rxd4 cxd4 23. Ne4 Bxe4 24. Bxe4 a5 25. Bd3 h6 26. g3 Qc5 27. Kg2 Rb3 28. g4 Qb6 29. Rb1 Qc5 30. h4 Nd7 31. Qe4 Kf8 32. Kg3 Ke7 33. f4 g5 34. hxg5 hxg5 35. f5 Qe5+ 36. Kf3 Qh2 37. Qxd4 Ne5+ 38. Ke4 Rxd3 39. f6+ Kxf6 40. Rf1+ Kg6 41. Qxe5 Re3+ 0-1


[Site "https://www.chess.com"]

[Event "Titled Tuesday Blitz May 4 2021"]
[White "Cunjalo, Faris"]
[Black "Yoo, Christopher Woojin"]
[WhiteFideId "14410710"]
[BlackFideId "30909694"]
[WhiteElo "2234"]
[BlackElo "2009"]
[Result "0-1"]
[Round "06"]
[TimeControl "180+1"]
[Date "2021.05.04"]
[WhiteClock "0:00:02"]
[BlackClock "0:00:12"]

1. c4 e6 2. Nc3 Nf6 3. e4 c5 4. e5 Ng8 5. Nf3 Nc6 6. d4 cxd4 7. Nxd4 Nxe5 8. Ndb5 a6 9. Nd6+ Bxd6 10. Qxd6 f6 11. Be3 Ne7 12. Bb6 Nf5 13. Qb4 Qe7 14. Qb3 d6 15. Be2 Bd7 16. f4 Ng6 17. Rf1 Bc6 18. g4 Nfh4 19. O-O-O f5 20. gxf5 Nxf5 21. Bd3 O-O 22. Rde1 Qf7 23. c5 d5 24. Ne2 Bd7 25. Rf2 e5 26. fxe5 Nxe5 27. Bc2 Nc4 28. Ng3 Qg6 29. Kb1 Qg4 30. Qd3 Qd4 31. Nxf5 Qxb2# 0-1


[Site "https://www.chess.com"]

[Event "Titled Tuesday Blitz May 4 2021"]
[White "Darini, Pouria"]
[Black "Vukovic, Zdravko"]
[WhiteFideId "12502200"]
[BlackFideId "900877"]
[WhiteElo "2489"]
[BlackElo "2487"]
[Result "1/2-1/2"]
[Round "06"]
[TimeControl "180+1"]
[Date "2021.05.04"]
[WhiteClock "0:00:20"]
[BlackClock "0:00:29"]

1. e4 d5 2. exd5 Qxd5 3. Nc3 Qd8 4. d4 Nf6 5. Nf3 c6 6. Ne5 Nbd7 7. Bf4 Nxe5 8. Bxe5 Bf5 9. Bd3 Bg6 10. Qf3 Bxd3 11. Qxd3 e6 12. O-O-O Bb4 13. Ne4 Nxe4 14. Qxe4 Qd5 15. Qxd5 cxd5 16. c3 Be7 17. a4 Kd7 18. Rhe1 Rhg8 19. Kc2 g6 20. Kd3 Rgc8 21. h4 h5 22. g3 a6 23. a5 Rc6 24. Ra1 b5 25. axb6 Rxb6 26. Ra2 a5 27. Rea1 a4 28. Kc2 f6 29. Bf4 Rba6 30. Kd3 Kc6 31. b3 a3 32. Bc1 g5 33. b4 g4 34. Rxa3 Rxa3 35. Rxa3 Rxa3 36. Bxa3 Kb5 37. Bc1 f5 38. Bf4 Bf8 39. Be5 Bh6 40. Bf4 Bf8 41. Bg5 Bd6 42. Bd2 Bf8 43. Bc1 Be7 44. Bh6 Bd6 45. Bg5 Bf8 46. Bf6 Bd6 47. Bd8 Bf8 48. Bc7 Bh6 49. Kc2 Kc4 50. Bd6 Bg7 51. Bf4 Bf8 52. Bd2 Bd6 53. Bc1 e5 54. dxe5 Bxe5 55. Bd2 d4 56. cxd4 Bxd4 57. Be1 Bb6 58. Kd1 Bd4 59. Ke2 Bb6 60. Bd2 Bd4 61. Be1 Bb6 62. Kd1 Bd4 63. Kc2 Bb6 64. Kd1 1/2-1/2


[Site "https://www.chess.com"]

[Event "Titled Tuesday Blitz May 4 2021"]
[White "Deac, Bogdan-Daniel"]
[Black "Chasin, Nico"]
[WhiteFideId "1226380"]
[BlackFideId "30908477"]
[WhiteElo "2605"]
[BlackElo "2135"]
[Result "1-0"]
[Round "06"]
[TimeControl "180+1"]
[Date "2021.05.04"]
[WhiteClock "0:00:40"]
[BlackClock "0:00:02"]

1. b3 e5 2. Bb2 Nc6 3. e3 g6 4. d4 exd4 5. exd4 d5 6. Nf3 Bg7 7. Be2 Bg4 8. O-O Nge7 9. Nbd2 O-O 10. h3 Bf5 11. c3 Re8 12. Re1 Nc8 13. Nf1 Nd6 14. Ne3 Be6 15. Nd2 f5 16. Qc2 f4 17. Nef1 Qd7 18. Nh2 Ne7 19. Ng4 Bf5 20. Qd1 Nc6 21. Bf3 Ne4 22. Nh2 Rad8 23. Re2 Ng5 24. Bg4 Bxg4 25. Nxg4 h5 26. Nh2 Rxe2 27. Qxe2 Re8 28. Qd3 Qf5 29. Qxf5 gxf5 30. Kf1 Ne4 31. Nhf3 Kf7 32. b4 a6 33. a4 Nb8 34. Nb3 Nd7 35. Nc5 Nb6 36. Bc1 Nxc3 37. Bxf4 c6 38. Nxb7 Kg6 39. Nc5 Nc4 40. Nxa6 Ra8 41. Nc5 Re8 42. a5 Ne4 43. a6 Ra8 44. a7 Ncd6 45. Ra6 Nb5 46. Bb8 Nec3 47. Rxc6+ Kh7 48. Ng5+ 1-0


[Site "https://www.chess.com"]

[Event "Titled Tuesday Blitz May 4 2021"]
[White "Degtiarev, Evgeny"]
[Black "Garcia, Gabriel Gonzaga"]
[WhiteFideId "4149610"]
[BlackFideId "2138956"]
[WhiteElo "2218"]
[BlackElo "2240"]
[Result "1-0"]
[Round "06"]
[TimeControl "180+1"]
[Date "2021.05.04"]
[WhiteClock "0:01:10"]
[BlackClock "0:00:03"]

1. d4 Nf6 2. c4 e6 3. Nc3 Bb4 4. e3 O-O 5. Ne2 d5 6. cxd5 exd5 7. g3 Bg4 8. Bg2 Ne4 9. f3 Bxc3+ 10. bxc3 f5 11. O-O Bxf3 12. Bxf3 c6 13. Bxe4 fxe4 14. Ba3 Rxf1+ 15. Qxf1 Na6 16. Qf5 Qc8 17. Rf1 Qxf5 18. Rxf5 Nc7 19. Re5 Nb5 20. Bb4 a5 21. Bc5 Rb8 22. a4 Nc7 23. Bd6 Rc8 24. Re7 Ne8 25. Bc5 b5 26. Ra7 bxa4 27. Rxa5 Rb8 28. Bb4 Nf6 29. h3 Nd7 30. Rxa4 Nb6 31. Ra7 Nc4 32. Kf2 Re8 33. Nf4 1-0


[Site "https://www.chess.com"]

[Event "Titled Tuesday Blitz May 4 2021"]
[White "Dejmek, Mark"]
[Black "Steil-Antoni, Fiona"]
[WhiteFideId "2017628"]
[BlackFideId "4001249"]
[WhiteElo "2178"]
[BlackElo "2059"]
[Result "0-1"]
[Round "06"]
[TimeControl "180+1"]
[Date "2021.05.04"]
[WhiteClock "0:00:09"]
[BlackClock "0:00:07"]

1. e4 e5 2. Nf3 Nc6 3. Bb5 a6 4. Ba4 d6 5. Bxc6+ bxc6 6. d4 f6 7. Nc3 Ne7 8. Be3 Ng6 9. Qd2 Be7 10. O-O-O exd4 11. Nxd4 Ne5 12. h3 Bd7 13. Qe2 c5 14. Nf5 Bb5 15. Nxb5 axb5 16. Nxg7+ Kf7 17. Nf5 Rxa2 18. Qxb5 Ra1+ 19. Kd2 Rxd1+ 20. Rxd1 c6 21. Qe2 Qa5+ 22. c3 Rb8 23. Ke1 Qa2 24. Qh5+ Ke6 25. Qxh7 Rb7 26. Ng7+ Kd7 27. Qf5+ Kc7 28. Ne6+ Kb6 29. Nf4 Qxb2 30. Nd3 Qxc3+ 31. Kf1 Nxd3 32. Kg1 Nb2 33. Rf1 Kc7 34. Qe6 Bd8 35. Qf7+ Kc8 36. Qe6+ Kb8 37. Qxd6+ Bc7 38. Qf8+ Ka7 39. Qxc5+ Qxc5 40. Bxc5+ Kb8 41. Bd4 Nc4 42. Bxf6 Be5 43. Bh4 Rb2 44. g3 Nd2 45. Kg2 Nxe4 46. Re1 Nxf2 47. Rxe5 Nd3+ 48. Kf3 Nxe5+ 49. Ke4 Ng6 50. Bg5 Rb4+ 51. Kf5 Nf8 52. h4 Kc8 53. h5 Rb5+ 54. Kf6 Nd7+ 55. Kg6 Ne5+ 56. Kg7 Nf3 57. Bf6 Kd7 58. h6 Ng5 59. Bxg5 Rxg5+ 60. Kf6 Rxg3 61. h7 Rh3 62. Kg7 Rxh7+ 63. Kxh7 c5 64. Kg6 c4 65. Kf5 c3 66. Ke4 c2 67. Kd3 c1=Q 68. Ke4 Qc6+ 0-1


[Site "https://www.chess.com"]

[Event "Titled Tuesday Blitz May 4 2021"]
[White "Demchenko, Anton"]
[Black "Brunner, Nicolas"]
[WhiteFideId "4160258"]
[BlackFideId "620246"]
[WhiteElo "2593"]
[BlackElo "2372"]
[Result "0-1"]
[Round "06"]
[TimeControl "180+1"]
[Date "2021.05.04"]
[WhiteClock "0:00:01"]
[BlackClock "0:00:08"]

1. e4 c5 2. Nf3 e6 3. g3 d5 4. d3 Nc6 5. Nbd2 g6 6. Bg2 Bg7 7. O-O Nge7 8. Re1 O-O 9. e5 b5 10. Nf1 a5 11. h4 h6 12. N1h2 Qc7 13. Bf4 b4 14. Qd2 h5 15. g4 hxg4 16. Nxg4 Nf5 17. Nf6+ Kh8 18. c3 Ba6 19. h5 a4 20. Kh2 a3 21. Rh1 axb2 22. Qxb2 Bxf6 23. hxg6 fxg6 24. Kg1+ Kg8 25. cxb4 Bg7 26. b5 Rab8 27. a4 Ncd4 28. Ng5 Bc8 29. Re1 Qa5 30. Ra1 Bd7 31. Rh7 Qb4 32. Qxb4 cxb4 33. Rb1 Ne2+ 34. Kf1 Nxf4 35. Rxb4 Nxd3 36. Rg4 Nxe5 37. Rb4 Rfc8 38. Bh3 Rc1+ 39. Kg2 Rc2 40. Bxf5 exf5 41. Rbh4 Ng4 42. Nh3 d4 43. Nf4 Be8 44. Ne6 Bf6 0-1


[Site "https://www.chess.com"]

[Event "Titled Tuesday Blitz May 4 2021"]
[White "Demin, Vladimir"]
[Black "Dowgird, Filip"]
[WhiteFideId "4167457"]
[BlackFideId "1121235"]
[WhiteElo "2475"]
[BlackElo "2209"]
[Result "1-0"]
[Round "06"]
[TimeControl "180+1"]
[Date "2021.05.04"]
[WhiteClock "0:00:21"]
[BlackClock "0:00:44"]

1. e4 d6 2. d4 Nf6 3. Nc3 c6 4. a4 Nbd7 5. f4 e5 6. Nf3 Qa5 7. Bd3 exd4 8. Nxd4 Nc5 9. O-O Be7 10. e5 dxe5 11. fxe5 Ng4 12. e6 Nxd3 13. Qxg4 Nxc1 14. Qxg7 Rf8 15. exf7+ Kd8 16. Raxc1 Kc7 17. Rcd1 Qg5 18. Qxh7 Bg4 19. Rde1 Bc5 20. Qd3 Rad8 21. Qg3+ Kc8 22. Ne2 Rxd4 23. Nxd4 Bxd4+ 24. Kh1 Bc5 25. h3 Qd5 26. Qxg4+ 1-0


[Site "https://www.chess.com"]

[Event "Titled Tuesday Blitz May 4 2021"]
[White "Devaev, Alexander"]
[Black "Zhou, Qiyu"]
[WhiteFideId "4169395"]
[BlackFideId "505161"]
[WhiteElo "2185"]
[BlackElo "1925"]
[Result "1-0"]
[Round "06"]
[TimeControl "180+1"]
[Date "2021.05.04"]
[WhiteClock "0:01:55"]
[BlackClock "0:00:45"]

1. d4 Nf6 2. c4 e6 3. Nc3 Bb4 4. e3 O-O 5. Ne2 b6 6. a3 Bxc3+ 7. Nxc3 Bb7 8. Qc2 d6 9. e4 Nbd7 10. Be2 e5 11. d5 h6 12. g3 Nh7 13. Be3 Qe7 14. O-O-O a5 15. f4 f6 16. f5 Nc5 17. Bh5 a4 18. Bxc5 dxc5 19. Nxa4 Ng5 20. h4 Nf7 21. Bxf7+ Rxf7 22. g4 Qd6 23. Rdg1 c6 24. Nc3 Ba6 25. Qb3 b5 26. dxc6 bxc4 27. Qc2 Qxc6 28. g5 h5 29. Qe2 Rb7 30. gxf6 Qxf6 31. Rg6 Qd8 32. Rhg1 Rab8 33. Qxh5 Qd3 34. Qg5 1-0


[Site "https://www.chess.com"]

[Event "Titled Tuesday Blitz May 4 2021"]
[White "Djordjevic, Vuk"]
[Black "Landaw, Julian"]
[WhiteFideId "902098"]
[BlackFideId "2023342"]
[WhiteElo "2463"]
[BlackElo "2312"]
[Result "1-0"]
[Round "06"]
[TimeControl "180+1"]
[Date "2021.05.04"]
[WhiteClock "0:00:08"]
[BlackClock "0:00:04"]

1. d4 Nf6 2. Bg5 Ne4 3. Bf4 c5 4. f3 Qa5+ 5. c3 Nf6 6. d5 d6 7. e4 b5 8. a4 b4 9. Bb5+ Bd7 10. Bd3 Qb6 11. a5 Qb7 12. a6 Qb6 13. cxb4 Qxb4+ 14. Nc3 Qxb2 15. Nge2 g6 16. e5 Nh5 17. Rb1 Qa3 18. Bc1 Qa5 19. g4 Ng7 20. Bf4 g5 21. Bxg5 dxe5 22. O-O c4 23. Be4 Nxa6 24. d6 Rc8 25. Nd5 f6 26. Bxf6 exf6 27. Nxf6+ Kd8 28. Nxd7 Kxd7 29. Rb7+ Kd8 30. Kh1 Nc5 31. Rf7 Nd7 32. Qc1 Ne6 33. Bf5 Nec5 34. Qg5+ Ke8 35. Re7+ 1-0


[Site "https://www.chess.com"]

[Event "Titled Tuesday Blitz May 4 2021"]
[White "Donatti, Alvaro"]
[Black "Mohota, Nisha"]
[WhiteFideId "3000303"]
[BlackFideId "5004330"]
[WhiteElo "2138"]
[BlackElo "2117"]
[Result "0-1"]
[Round "06"]
[TimeControl "180+1"]
[Date "2021.05.04"]
[WhiteClock "0:00:02"]
[BlackClock "0:00:28"]

1. e4 e5 2. Nf3 Nf6 3. Nc3 Nc6 4. Bb5 Bd6 5. d3 O-O 6. O-O a6 7. Ba4 h6 8. Re1 Re8 9. a3 Bc5 10. h3 d6 11. b4 Ba7 12. Ne2 Bd7 13. c3 b5 14. Bb3 a5 15. Bb2 axb4 16. axb4 Bb6 17. Ng3 Be6 18. Rxa8 Qxa8 19. Qc2 d5 20. exd5 Bxd5 21. Bxd5 Nxd5 22. Nf5 Re6 23. Ra1 Qe8 24. Qb3 Nf4 25. c4 Rf6 26. Ng3 Nd4 27. Nxd4 Bxd4 28. Bxd4 exd4 29. Ne4 Rg6 30. Ng3 bxc4 31. Qxc4 c6 32. Qxd4 Rxg3 33. Qxf4 Rxd3 34. Ra7 Rd5 35. Rb7 Rd8 36. Rc7 f6 37. Qc4+ Kh7 38. Qxc6 Rd1+ 39. Kh2 Qe5+ 40. g3 Rd2 41. Kg2 Qd4 42. Qf3 Qd6 43. Qf5+ Kg8 44. Qc8+ Qd8 45. Qxd8+ Rxd8 46. Rb7 Rd2 47. b5 Rb2 48. b6 Kh7 49. h4 h5 50. Kf3 Kg6 51. Kf4 Rxf2+ 0-1


[Site "https://www.chess.com"]

[Event "Titled Tuesday Blitz May 4 2021"]
[White "Dushyant Sharma"]
[Black "Pile, Richard"]
[WhiteFideId "25065130"]
[BlackFideId "624110"]
[WhiteElo "2019"]
[BlackElo "2376"]
[Result "0-1"]
[Round "06"]
[TimeControl "180+1"]
[Date "2021.05.04"]
[WhiteClock "0:00:03"]
[BlackClock "0:00:10"]

1. e4 c5 2. Nf3 Nc6 3. d4 cxd4 4. Nxd4 e5 5. Nxc6 bxc6 6. Nc3 Nf6 7. Bd3 Bc5 8. O-O a5 9. a3 O-O 10. Kh1 d6 11. Be3 Bxe3 12. fxe3 Be6 13. Qe1 Rb8 14. Rb1 d5 15. exd5 cxd5 16. Qg3 e4 17. Be2 Kh8 18. Rbd1 Qe7 19. b3 Qxa3 20. Nb5 Qc5 21. Nd4 Bd7 22. Qh4 Rb6 23. Rf4 Ng8 24. Rdf1 f6 25. Bg4 Bxg4 26. Qxg4 Qc8 27. Qh5 g6 28. Qxd5 Re8 29. h3 a4 30. bxa4 f5 31. a5 Ra6 32. c4 Nf6 33. Qb5 Nh5 34. Rh4 Ng3+ 35. Kg1 Nxf1 36. Kxf1 Rd6 37. c5 Rd5 38. a6 Rxc5 39. Qb6 Rc1+ 40. Kf2 Qc7 41. Qf6+ Qg7 42. Qb6 Rec8 43. a7 Ra1 44. Qb8 Ra2+ 45. Kg3 Qc7+ 46. Qxc7 Rxc7 47. a8=Q+ Rxa8 0-1


[Site "https://www.chess.com"]

[Event "Titled Tuesday Blitz May 4 2021"]
[White "Dylag, Emilia"]
[Black "Hartikainen, Jarmo"]
[WhiteFideId "21805172"]
[BlackFideId "503134"]
[WhiteElo "1871"]
[BlackElo "2062"]
[Result "1/2-1/2"]
[Round "06"]
[TimeControl "180+1"]
[Date "2021.05.04"]
[WhiteClock "0:01:47"]
[BlackClock "0:01:17"]

1. d4 Nf6 2. c4 g6 3. Nc3 d5 4. cxd5 Nxd5 5. Bd2 Bg7 6. e4 Nb6 7. Be3 Nc6 8. Nf3 O-O 9. Be2 Bg4 10. d5 Bxf3 11. gxf3 Ne5 12. f4 Nec4 13. Bd4 e5 14. fxe5 Nxe5 15. f4 Nec4 16. Bxc4 Nxc4 17. Bxg7 Qh4+ 18. Ke2 Qg4+ 19. Kf2 Qxf4+ 20. Kg1 Qg5+ 21. Kf2 Qf4+ 22. Ke1 Qh4+ 23. Ke2 Qg4+ 24. Kf2 Qf4+ 1/2-1/2


[Site "https://www.chess.com"]